Teams
League projects
% Time on Ice - COLORADO GLACIERCATS
Lines # - Real PCT - Wanted PCT - Time Play
Normal Forward
1 - 32% - 35% - 18:00
2 - 35% - 35% - 19:27
3 - 28% - 29% - 15:30
4 - 6% - 1% - 3:05
Normal Defense
1 - 33% - 38% - 18:41
2 - 35% - 36% - 19:23
3 - 25% - 21% - 14:10
4 - 7% - 5% - 3:48
PP Forward
1 - 58% - 50% - 1:09
2 - 42% - 50% - 0:50
PP Defense
1 - 70% - 60% - 1:23
2 - 30% - 40% - 0:36
PK Forward
1 - 55% - 50% - 1:06
2 - 45% - 50% - 0:53
PK Defense
1 - 55% - 50% - 1:06
2 - 45% - 50% - 0:53
PK3 Forward
1 - 0% - 50%
2 - 0% - 50%
PK3 Defense
1 - 0% - 50%
2 - 0% - 50%
44 Forward
1 - 0% - 50%
2 - 0% - 50%
44 Defense
1 - 0% - 50%
2 - 0% - 50%
Last Minute Offensive  - 0:00
Last Minute Defensive  - 0:00
Total
Forward - 60:00
Defense - 60:00
% Time on Ice - BANFF WOLVES
Lines # - Real PCT - Wanted PCT - Time Play
Normal Forward
1 - 35% - 36% - 19:40
2 - 34% - 34% - 18:56
3 - 24% - 25% - 13:26
4 - 7% - 5% - 4:00
Normal Defense
1 - 38% - 40% - 21:24
2 - 33% - 34% - 18:41
3 - 21% - 16% - 11:56
4 - 7% - 10% - 4:01
PP Forward
1 - 45% - 55% - 0:54
2 - 55% - 45% - 1:05
PP Defense
1 - 45% - 55% - 0:54
2 - 55% - 45% - 1:05
PK Forward
1 - 61% - 55% - 1:13
2 - 39% - 45% - 0:46
PK Defense
1 - 55% - 55% - 1:06
2 - 45% - 45% - 0:53
PK3 Forward
1 - 0% - 55%
2 - 0% - 45%
PK3 Defense
1 - 0% - 55%
2 - 0% - 45%
44 Forward
1 - 0% - 55%
2 - 0% - 45%
44 Defense
1 - 0% - 55%
2 - 0% - 45%
Last Minute Offensive  - 0:00
Last Minute Defensive  - 0:00
Total
Forward - 60:00
Defense - 60:00
Play-by-Play 1st period 0:01 of 1st period - Leon Draisaitl wins face-off versus Joel Eriksson Ek in neutral zone. 0:18 of 1st period - Shot by Tomas Hertl. 0:18 of 1st period - Deflect By Leon Draisaitl. 0:18 of 1st period - Shot Misses the Net. 0:20 of 1st period - Shot by Tomas Hertl. 0:20 of 1st period - Shot Blocked by Nick Leddy. 0:28 of 1st period - Shot by Leon Draisaitl. 0:28 of 1st period - Shot Misses the Net. 0:48 of 1st period - Shot by Bryan Rust. 0:48 of 1st period - Stopped by Connor Hellebuyck without a rebound. 0:49 of 1st period - Elias Lindholm wins face-off versus Tage Thompson in BANFF WOLVES zone. 1:33 of 1st period - Quinton Hughes is hit by Mario Ferraro and loses puck. 2:09 of 1st period - Jason Dickinson is hit by Dylan Samberg and loses puck. 2:13 of 1st period - Adam Henrique is hit by Jamie Oleksiak and loses puck. 2:23 of 1st period - Drake Batherson is hit by Jamie Oleksiak and loses puck. 2:48 of 1st period - Icing by Devon Toews. 2:49 of 1st period - Joel Eriksson Ek wins face-off versus Leon Draisaitl in COLORADO GLACIERCATS zone. 3:18 of 1st period - Shot by Tomas Hertl. 3:18 of 1st period - Stopped by Connor Hellebuyck with a rebound. 3:38 of 1st period - Shot by Tomas Hertl. 3:38 of 1st period - Stopped by Connor Hellebuyck without a rebound. 3:39 of 1st period - Tage Thompson wins face-off versus Elias Lindholm in BANFF WOLVES zone. 3:56 of 1st period - Shot by Elias Lindholm. 3:56 of 1st period - Stopped by Andrei Vasilevskiy without a rebound. 3:57 of 1st period - Alexander Wennberg wins face-off versus Casey Cizikas in COLORADO GLACIERCATS zone. 4:28 of 1st period - Shot by Casey Cizikas. 4:28 of 1st period - Stopped by Andrei Vasilevskiy without a rebound. 4:29 of 1st period - Tage Thompson wins face-off versus Elias Lindholm in COLORADO GLACIERCATS zone. 4:37 of 1st period - Off-side. 4:38 of 1st period - Tomas Hertl wins face-off versus Elias Lindholm in neutral zone. 5:04 of 1st period - Icing by Tomas Hertl. 5:05 of 1st period - Tomas Hertl wins face-off versus Adam Henrique in COLORADO GLACIERCATS zone. 5:34 of 1st period - Vince Dunn is hit by Jason Dickinson and loses puck. 5:59 of 1st period - Icing by Quinton Hughes. 6:00 of 1st period - Adam Henrique wins face-off versus Tage Thompson in BANFF WOLVES zone. 6:15 of 1st period - Shot by Erik Karlsson. 6:15 of 1st period - Shot Misses the Net. 6:30 of 1st period - Shot by Cole Perfetti. 6:30 of 1st period - Stopped by Connor Hellebuyck without a rebound. 6:31 of 1st period - Alexander Wennberg wins face-off versus Elias Lindholm in BANFF WOLVES zone. 6:54 of 1st period - Shot by Nic Dowd. 6:54 of 1st period - Shot Misses the Net. 7:01 of 1st period - Icing by Ian Cole. 7:02 of 1st period - Elias Lindholm wins face-off versus Leon Draisaitl in BANFF WOLVES zone. 7:02 of 1st period - Elias Lindholm is hit by Leon Draisaitl. 7:10 of 1st period - Shot by J.T. Compher. 7:10 of 1st period - Stopped by Andrei Vasilevskiy without a rebound. 7:11 of 1st period - Joel Eriksson Ek wins face-off versus Leon Draisaitl in COLORADO GLACIERCATS zone. 7:32 of 1st period - Shot by Leon Draisaitl. 7:32 of 1st period - Stopped by Connor Hellebuyck without a rebound. 7:33 of 1st period - Tage Thompson wins face-off versus Elias Lindholm in BANFF WOLVES zone. 7:34 of 1st period - Shot by Jamie Benn. 7:34 of 1st period - Goal by Jamie Benn - COLORADO GLACIERCATS : 1 - BANFF WOLVES : 0. 7:35 of 1st period - Tage Thompson wins face-off versus Joel Eriksson Ek in neutral zone. 8:06 of 1st period - Shot by Jamie Benn. 8:06 of 1st period - Shot Misses the Net. 8:08 of 1st period - Shot by Devon Toews. 8:08 of 1st period - Stopped by Connor Hellebuyck without a rebound. 8:09 of 1st period - J.T. Compher wins face-off versus Leon Draisaitl in BANFF WOLVES zone. 8:22 of 1st period - Shot by Roope Hintz. 8:22 of 1st period - Shot Misses the Net. 8:32 of 1st period - Miro Heiskanen is hit by Bryan Rust and loses puck. 8:41 of 1st period - Shot by Bryan Rust. 8:41 of 1st period - Shot Blocked by J.T. Compher. 8:43 of 1st period - Shot by Bryan Rust. 8:43 of 1st period - Stopped by Connor Hellebuyck without a rebound. 8:44 of 1st period - Joel Eriksson Ek wins face-off versus Mike Hoffman in BANFF WOLVES zone. 9:20 of 1st period - Shot by Mats Zuccarello. 9:20 of 1st period - Stopped by Andrei Vasilevskiy without a rebound. 9:21 of 1st period - Adam Henrique wins face-off versus Tage Thompson in COLORADO GLACIERCATS zone. 9:45 of 1st period - Adam Henrique is hit by Jamie Oleksiak and loses puck. 9:58 of 1st period - Shot by Adam Henrique. 9:58 of 1st period - Goal by Adam Henrique - COLORADO GLACIERCATS : 1 - BANFF WOLVES : 1. 9:59 of 1st period - Leon Draisaitl wins face-off versus Elias Lindholm in neutral zone. 10:04 of 1st period - Shot by Bryan Rust. 10:04 of 1st period - Deflect By Leon Draisaitl. 10:04 of 1st period - Stopped by Connor Hellebuyck without a rebound. 10:05 of 1st period - Leon Draisaitl wins face-off versus Elias Lindholm in BANFF WOLVES zone. 10:10 of 1st period - Shot by Tomas Hertl. 10:10 of 1st period - Goal by Tomas Hertl - COLORADO GLACIERCATS : 2 - BANFF WOLVES : 1. 10:11 of 1st period - Alexander Wennberg wins face-off versus Elias Lindholm in neutral zone. 10:20 of 1st period - Shot by Mike Hoffman. 10:20 of 1st period - Shot Misses the Net. 11:37 of 1st period - Shot by Brad Marchand. 11:37 of 1st period - Shot Misses the Net. 11:39 of 1st period - Shot by Mats Zuccarello. 11:39 of 1st period - Stopped by Andrei Vasilevskiy with a rebound. 11:50 of 1st period - Shot by Mats Zuccarello. 11:50 of 1st period - Stopped by Andrei Vasilevskiy without a rebound. 11:51 of 1st period - Jason Dickinson wins face-off versus Tage Thompson in COLORADO GLACIERCATS zone. 12:18 of 1st period - Shot by Drake Batherson. 12:18 of 1st period - Stopped by Andrei Vasilevskiy without a rebound. 12:19 of 1st period - Alexander Wennberg wins face-off versus Casey Cizikas in COLORADO GLACIERCATS zone. 12:24 of 1st period - Casey Cizikas is hit by Nic Dowd. 12:40 of 1st period - Shot by Miro Heiskanen. 12:40 of 1st period - Shot Misses the Net. 12:52 of 1st period - Icing by Quinton Hughes. 12:53 of 1st period - Tage Thompson wins face-off versus Casey Cizikas in BANFF WOLVES zone. 13:27 of 1st period - Off-side. 13:28 of 1st period - Joel Eriksson Ek wins face-off versus Leon Draisaitl in neutral zone. 13:33 of 1st period - Shot by Joel Eriksson Ek. 13:33 of 1st period - Stopped by Andrei Vasilevskiy without a rebound. 13:34 of 1st period - Leon Draisaitl wins face-off versus Brad Marchand in COLORADO GLACIERCATS zone. 14:15 of 1st period - Shot by Mats Zuccarello. 14:15 of 1st period - Stopped by Andrei Vasilevskiy without a rebound. 14:16 of 1st period - Tage Thompson wins face-off versus Elias Lindholm in COLORADO GLACIERCATS zone. 14:22 of 1st period - Vince Dunn is hit by Quinton Hughes and loses puck. 14:26 of 1st period - Icing by Quinton Hughes. 14:27 of 1st period - J.T. Compher wins face-off versus Alexander Wennberg in BANFF WOLVES zone. 14:27 of 1st period - J.T. Compher is hit by Nic Dowd. 14:35 of 1st period - Shot by Elias Lindholm. 14:35 of 1st period - Stopped by Andrei Vasilevskiy with a rebound. 14:46 of 1st period - Icing by Dylan Samberg. 14:47 of 1st period - Adam Henrique wins face-off versus Alexander Wennberg in COLORADO GLACIERCATS zone. 14:54 of 1st period - Shot by Roman Josi. 14:54 of 1st period - Shot Blocked by Alexander Wennberg. 15:13 of 1st period - Off-side. 15:14 of 1st period - Tage Thompson wins face-off versus Brad Marchand in neutral zone. 15:23 of 1st period - Shot by Vince Dunn. 15:23 of 1st period - Stopped by Connor Hellebuyck without a rebound. 15:24 of 1st period - Leon Draisaitl wins face-off versus Elias Lindholm in BANFF WOLVES zone. 15:53 of 1st period - Shot by Roope Hintz. 15:53 of 1st period - Stopped by Andrei Vasilevskiy without a rebound. 15:54 of 1st period - Joel Eriksson Ek wins face-off versus Tage Thompson in COLORADO GLACIERCATS zone. 16:18 of 1st period - Cole Perfetti is hit by Roman Josi and loses puck. 16:29 of 1st period - Jamie Benn is hit by Nick Leddy. 16:36 of 1st period - Icing by Roman Josi. 16:37 of 1st period - Brad Marchand wins face-off versus Leon Draisaitl in BANFF WOLVES zone. 16:51 of 1st period - Nick Leddy is hit by Leon Draisaitl and loses puck. 17:21 of 1st period - Icing by Adam Henrique. 17:22 of 1st period - Nic Dowd wins face-off versus Adam Henrique in BANFF WOLVES zone. 17:25 of 1st period - Shot by Alexander Wennberg. 17:25 of 1st period - Stopped by Connor Hellebuyck with a rebound. 17:27 of 1st period - Shot by Alexander Wennberg. 17:27 of 1st period - Shot Misses the Net. 17:29 of 1st period - Shot by Alexander Wennberg. 17:29 of 1st period - Stopped by Connor Hellebuyck without a rebound. 17:30 of 1st period - Elias Lindholm wins face-off versus Tage Thompson in BANFF WOLVES zone. 17:49 of 1st period - Shot by J.T. Compher. 17:49 of 1st period - Stopped by Andrei Vasilevskiy without a rebound. 17:50 of 1st period - Adam Henrique wins face-off versus Alexander Wennberg in COLORADO GLACIERCATS zone. 17:55 of 1st period - Shot by Adam Henrique. 17:55 of 1st period - Stopped by Andrei Vasilevskiy without a rebound. 17:56 of 1st period - Adam Henrique wins face-off versus Leon Draisaitl in COLORADO GLACIERCATS zone. 18:02 of 1st period - Icing by Leon Draisaitl. 18:03 of 1st period - Leon Draisaitl wins face-off versus Elias Lindholm in COLORADO GLACIERCATS zone. 18:08 of 1st period - Shot by Tomas Hertl. 18:08 of 1st period - Shot Blocked by Miro Heiskanen. 18:10 of 1st period - Shot by Devon Toews. 18:10 of 1st period - Stopped by Connor Hellebuyck with a rebound. 18:12 of 1st period - Shot by Bryan Rust. 18:12 of 1st period - Shot Misses the Net. 18:14 of 1st period - Shot by Tomas Hertl. 18:14 of 1st period - Shot Blocked by Miro Heiskanen. 18:43 of 1st period - Shot by Bryan Rust. 18:43 of 1st period - Shot Misses the Net. 18:45 of 1st period - Shot by Leon Draisaitl. 18:45 of 1st period - Stopped by Connor Hellebuyck without a rebound. 18:46 of 1st period - Adam Henrique wins face-off versus Tage Thompson in BANFF WOLVES zone. 18:46 of 1st period - Jason Dickinson is hit by Cole Perfetti and loses puck. 18:50 of 1st period - Icing by Drake Batherson. 18:51 of 1st period - Tage Thompson wins face-off versus Adam Henrique in BANFF WOLVES zone. 19:06 of 1st period - Shot by Jamie Benn. 19:06 of 1st period - Shot Misses the Net. 19:35 of 1st period - Icing by Mario Ferraro. 19:36 of 1st period - Joel Eriksson Ek wins face-off versus Tage Thompson in COLORADO GLACIERCATS zone. Goals for this period are 2 for COLORADO GLACIERCATS vs 1 for BANFF WOLVES. Shots for this period are 15 for COLORADO GLACIERCATS vs 14 for BANFF WOLVES. 2nd period 0:01 of 2nd period - Elias Lindholm wins face-off versus Alexander Wennberg in neutral zone. 0:39 of 2nd period - Icing by Alexander Wennberg. 0:40 of 2nd period - Joel Eriksson Ek wins face-off versus Alexander Wennberg in COLORADO GLACIERCATS zone. 1:06 of 2nd period - Off-side. 1:07 of 2nd period - Leon Draisaitl wins face-off versus Adam Henrique in neutral zone. 1:10 of 2nd period - Shot by Bryan Rust. 1:10 of 2nd period - Stopped by Connor Hellebuyck without a rebound. 1:11 of 2nd period - Adam Henrique wins face-off versus Leon Draisaitl in BANFF WOLVES zone. 2:08 of 2nd period - Miro Heiskanen is hit by Leon Draisaitl and loses puck. 2:31 of 2nd period - Miro Heiskanen is hit by Leon Draisaitl and loses puck. 4:01 of 2nd period - Shot by Tage Thompson. 4:01 of 2nd period - Shot Blocked by Dawson Mercer. 4:14 of 2nd period - Shot by Valtteri Puustinen. 4:14 of 2nd period - Stopped by Andrei Vasilevskiy without a rebound. 4:15 of 2nd period - Alexander Wennberg wins face-off versus Adam Henrique in COLORADO GLACIERCATS zone. 4:15 of 2nd period - Alexander Wennberg is hit by Jason Dickinson. 5:15 of 2nd period - Icing by Devon Toews. 5:16 of 2nd period - Tage Thompson wins face-off versus Joel Eriksson Ek in COLORADO GLACIERCATS zone. 5:38 of 2nd period - Shot by Mats Zuccarello. 5:38 of 2nd period - Shot Blocked by Devon Toews. 6:00 of 2nd period - Shot by Joel Eriksson Ek. 6:00 of 2nd period - Stopped by Andrei Vasilevskiy with a rebound. 6:02 of 2nd period - Shot by Joel Eriksson Ek. 6:02 of 2nd period - Shot Misses the Net. 6:28 of 2nd period - Shot by J.T. Compher. 6:28 of 2nd period - Stopped by Andrei Vasilevskiy with a rebound. 6:30 of 2nd period - Shot by Roope Hintz. 6:30 of 2nd period - Stopped by Andrei Vasilevskiy without a rebound. 6:31 of 2nd period - Alexander Wennberg wins face-off versus Adam Henrique in COLORADO GLACIERCATS zone. 7:04 of 2nd period - Jason Dickinson is hit by Mario Ferraro. 7:16 of 2nd period - Shot by Adam Henrique. 7:16 of 2nd period - Shot Misses the Net. 8:01 of 2nd period - Shot by Tomas Hertl. 8:01 of 2nd period - Stopped by Connor Hellebuyck without a rebound. 8:02 of 2nd period - Tomas Hertl wins face-off versus Joel Eriksson Ek in BANFF WOLVES zone. 9:25 of 2nd period - Shot by Elias Lindholm. 9:25 of 2nd period - Shot Misses the Net. 9:35 of 2nd period - Shot by Elias Lindholm. 9:35 of 2nd period - Shot Misses the Net. 9:48 of 2nd period - Elias Lindholm is hit by Jamie Oleksiak and loses puck. 10:25 of 2nd period - Shot by Adam Henrique. 10:25 of 2nd period - Stopped by Andrei Vasilevskiy without a rebound. 10:26 of 2nd period - Alexander Wennberg wins face-off versus Casey Cizikas in COLORADO GLACIERCATS zone. 10:35 of 2nd period - Shot by Alexander Wennberg. 10:35 of 2nd period - Stopped by Connor Hellebuyck without a rebound. 10:36 of 2nd period - Leon Draisaitl wins face-off versus Adam Henrique in BANFF WOLVES zone. 10:53 of 2nd period - Leon Draisaitl is hit by Jason Dickinson. 11:20 of 2nd period - Shot by Drake Batherson. 11:20 of 2nd period - Stopped by Andrei Vasilevskiy without a rebound. 11:21 of 2nd period - Elias Lindholm wins face-off versus Alexander Wennberg in COLORADO GLACIERCATS zone. 12:05 of 2nd period - J.T. Compher is hit by Erik Karlsson and loses puck. 12:15 of 2nd period - Off-side. 12:16 of 2nd period - Leon Draisaitl wins face-off versus Joel Eriksson Ek in neutral zone. 12:35 of 2nd period - Shot by Leon Draisaitl. 12:35 of 2nd period - Stopped by Connor Hellebuyck without a rebound. 12:36 of 2nd period - Jason Dickinson wins face-off versus Tage Thompson in BANFF WOLVES zone. 12:36 of 2nd period - Roman Josi is h